 Dungeon Crawl Stone Soup version 0.31-a0-819-gf6de2f5ab6 (webtiles) character file.

Game seed: 1779287783315607811

8512 Leeroy the Metamorph (level 11, -1/120 HPs)
             Began as a Merfolk Shapeshifter on Sept 23, 2023.
             Was an Elder of Wu Jian.
             Slain by Azrael
             ... wielding a +0 scimitar of flaming
              (7 damage)
             ... on level 12 of the Dungeon.
             The game lasted 00:23:53 (11533 turns).

Leeroy the Metamorph (Merfolk Shapeshifter)        Turns: 11533, Time: 00:23:53

Health: -1/120     AC: 29    Str: 17    XL:     11   Next: 32%
Magic:  11/11      EV:  2    Int: 11    God:    Wu Jian [****..]
Gold:   609        SH:  0    Dex: 14    Spells: 10/10 levels left

rFire   . .          .
                       - Unarmed
rCold   . . .        (no shield)
rNeg    . . .        R - melded +2 steam dragon scales
rPois   +            H - melded +0 helmet
rElec   .            K - melded +0 cloak
rCorr   +            (gloves currently unavailable)
SInv    .            w - melded +0 pair of boots
Will    .....        y - amulet of regeneration
Stlth   +            g - +4 ring of protection
HPRegen 1.20/turn    v - ring of resist corrosion
MPRegen 0.12/turn

%: no passive effects
@: on fire, tree-form, weak-willed, glowing
A: stationary, stasis, torment immunity, boosted hp, (nimble swimmer 2),
(mertail)
a: Renounce Religion, Wall Jump, Serpent's Lash


You were on level 12 of the Dungeon.
You worshipped Wu Jian.
Wu Jian was greatly pleased with you.
You were a tree.
You visited 2 branches of the dungeon, and saw 14 of its levels.
You also visited: Ossuary.

You collected 648 gold pieces.
You spent 39 gold pieces at shops.

Inventory:

Hand Weapons
 A - the +4 spear "Dydwes" {drain, rF+ rC- Stlth+}
   (You found it on level 7 of the Dungeon)

   rF+:       It protects you from fire.
   rC-:       It makes you vulnerable to cold.
   Stlth+:    It makes you more stealthy.
 B - a +4 dagger
 E - a +2 dagger of venom
 F - a +1 whip of holy wrath
Missiles
 m - 23 poisoned darts
Armour
 a - a +0 animal skin
 o - +0 acid dragon scales
 w - a +0 pair of boots (melded)
 D - +0 steam dragon scales
 H - a +0 helmet (melded)
 K - a +0 cloak (melded)
 R - +2 steam dragon scales (melded)
Jewellery
 g - a +4 ring of protection (left branch)
 n - a +6 ring of strength
 v - a ring of resist corrosion (right branch)
 y - an amulet of regeneration (around neck)
 J - an amulet of faith
 P - an amulet of guardian spirit
Talismans
 c - a beast talisman
 d - a flux talisman
 O - a talisman of death
Wands
 r - a wand of flame (6)
 u - a wand of roots (1)
 Q - a wand of charming (16)
 S - a wand of polymorph (6)
Scrolls
 j - 3 scrolls of blinking
 k - a scroll of butterflies
 p - 3 scrolls of identify
 s - a scroll of vulnerability
 z - 3 scrolls of enchant armour
 N - a scroll of immolation
Potions
 e - 7 potions of curing
 f - 4 potions of heal wounds {unknown}
 h - 4 potions of ambrosia {unknown}
 i - 4 potions of haste
 l - 4 potions of magic
 q - 3 potions of might {unknown}
 t - 19 potions of degeneration
 x - a potion of experience {unknown}
 G - a potion of resistance {unknown}
 L - a potion of enlightenment {unknown}
 M - a potion of mutation {unknown}


   Skills:
 - Level 5.4 Fighting
 - Level 2.6 Dodging
 - Level 7.3 Unarmed Combat
 - Level 0.2 Evocations
 + Level 18.2 Shapeshifting


You had 10 spell levels left.
You didn't know any spells.
Your spell library contained the following spells:

 Spells                   Type           Power      Damage    Failure   Level
 Scorch                   Fire           0%         2d5       47%         2
 Ozocubu's Armour         Ice            0%         N/A       71%         3
 Volatile Blastmotes      Fire/Tloc      0%         2d10      71%         3
 Flame Wave               Conj/Fire      0%         2d4       98%         4
 Fulminant Prism          Conj/Hex       0%         3d5       98%         4
 Iskenderun's Mystic Bla  Conj/Tloc      0%         2d3       98%         4
 Summon Forest            Summ/Tloc      0%         N/A       100%        5
 Summon Mana Viper        Hex/Summ       0%         N/A       100%        5
 Summon Cactus Giant      Summ           0%         N/A       100%        6
 Ozocubu's Refrigeration  Ice            0%         4d7       100%        7


Dungeon Overview and Level Annotations

Branches:
Dungeon (13/15)            Temple (1/1) D:4            Lair (0/5) D:11
    Orc (0/2) D:11        Ossuary (visited)
 Vaults: D:13-14

Altars:
Ashenzari
Cheibriados
Dithmenos
Elyvilon
Fedhas
Gozag
Hepliaklqana
Kikubaaqudgha
Makhleb
Nemelex Xobeh
Okawaru
Qazlal
Ru
Sif Muna
Trog
Uskayaw
Vehumet
Wu Jian
Xom
Yredelemnul
Zin
The Shining One

Shops:
D:3 ?   D:4 [

Portals:
Trove: D:12 (give +3 shadow dragon scales)

Annotations:
D:3 1 runed translucent door, Cris's ghost, weakling DsCj
D:7 Jeremiah
D:8 Amaemon
D:11 Nergalle
D:12 Azrael; Psyche


Innate Abilities, Weirdness & Mutations

You are a tree.
Your roots penetrate the ground, keeping you stationary.
You cannot be teleported.
You are immune to unholy pain and torment.
Your maximum health is greatly increased.
Your equipment is partially melded.
((You are very nimble when in or above water. (Stealth+, EV+, Speed+++)))
((Your lower body shifts to a powerful aquatic tail in water.))


Message History

The fire elemental hits you. The fire elemental burns you!
* * * LOW HITPOINT WARNING * * *
The vampire mosquito bites you but does no damage.
Unknown command.
You hit Azrael.
Azrael is heavily wounded.
The vampire mosquito completely misses you.
A hell hound comes into view.
The fire elemental hits you. The fire elemental burns you!
* * * LOW HITPOINT WARNING * * *
Azrael hits you with a +0 scimitar of flaming.
* * * LOW HITPOINT WARNING * * *
Azrael burns you.
* * * LOW HITPOINT WARNING * * *
The vampire mosquito bites you but does no damage.
The hell hound moves out of view.
Okay, then.
You smack Azrael!
Azrael is heavily wounded.
The vampire mosquito bites you but does no damage.
The fire elemental hits you. Azrael completely misses you.
The vampire mosquito bites you but does no damage.
The fire elemental hits you.
The hell hound barks!
You hit Azrael. You punch Azrael, but do no damage.
Azrael is severely wounded.
You hear a bark!
The vampire mosquito bites you but does no damage.
Azrael gestures at you.
The sticky flame hits you but does no damage.
You are covered in liquid flames!
A purple ugly thing comes into view.
The fire elemental hits you.
Unknown command.
It was a potion of magic.
Magic courses through your body.
You are covered in liquid flames!
* * * LOW HITPOINT WARNING * * *
The vampire mosquito bites you but does no damage.
Azrael hits you with a +0 scimitar of flaming!
You die...

# #.#...###y...###
#.##.#.....y....c...
#......H...§##....c!
#..###u##...# ..###9
##...#.9.####.....
....°.hEc..........
#...##y{O##.........
#.. ##T## ..... #.
#♣# ..... # #ER#
...... #E## .. ###


You could see Azrael, a purple ugly thing, a two-headed ogre (weak-willed), a
manticore (weak-willed), a troll, 3 fire elementals, a hell hound, a vampire
mosquito (weak-willed), a gargoyle and a centaur.

Vanquished Creatures
  A catoblepas (D:13)
  Erica (D:8)
  A deep elf pyromancer (D:11)
  2 manticores
  A gargoyle (D:11)
  Maggie (D:7)
  A kobold demonologist (D:9)
  A troll (D:10)
  2 hornets
  2 wraiths (D:11)
  A shadow (D:12)
  A wyvern (D:10)
  A steam dragon (D:7)
  A vampire mosquito (D:12)
  Menkaure (D:6)
  2 acid dragons
  2 water moccasins (D:7)
  A swamp drake (D:11)
  A black bear (D:6)
  6 orc warriors
  2 ogres (D:7)
  2 wolves (D:11)
  A phantom (D:7)
  A centaur (D:8)
  3 kobold brigands
  An elf zombie (Ossuary)
  2 bullfrogs
  3 electric eels (D:11)
  A jelly (D:7)
  6 howler monkeys
  4 centaur zombies (Ossuary)
  5 orc priests
  6 hounds
  3 sleepcaps
  2 iguanas (D:6)
  Ijyb (D:3)
  10 orc wizards
  Terence (D:2)
  An ogre zombie (Ossuary)
  7 mummies (Ossuary)
  Robin (D:2)
  3 gnolls (D:5)
  5 adders
  3 white imps
  An ufetubus (D:4)
  4 adder zombies (Ossuary)
  A worm (D:4)
  3 dart slugs
  35 orcs
  9 endoplasms
  3 giant cockroaches
  15 goblins
  9 hobgoblins
  2 jackals (D:2)
  4 quokkas
  5 ball pythons
  6 bats
  5 frilled lizards
  A gnoll zombie (Ossuary)
  4 goblin zombies (Ossuary)
  4 hobgoblin zombies (Ossuary)
  19 kobolds
  3 kobold zombies (Ossuary)
  3 quokka zombies (Ossuary)
  3 rats
  5 rat zombies (Ossuary)
248 creatures vanquished.

Notes
Turn   | Place    | Note
-------+----------+-------------------------------------------
     0 | D:1      | Leeroy the Merfolk Shapeshifter began the quest for the
                  | Orb.
     0 | D:1      | Reached XP level 1. HP: 15/15 MP: 1/1
   184 | D:1      | Reached XP level 2. HP: 12/21 MP: 2/2
   571 | D:1      | Found a faded altar of an unknown god.
   571 | D:1      | Noticed a blizzard demon
   668 | D:2      | Reached XP level 3. HP: 26/26 MP: 3/3
   782 | D:2      | Noticed Robin
   807 | D:2      | Reached skill level 5 in Unarmed Combat
   828 | D:2      | Killed Robin
   829 | D:2      | Reached XP level 4. HP: 17/32 MP: 4/4
  1069 | D:2      | Noticed Terence
  1079 | D:2      | Killed Terence
  1549 | D:2      | Reached XP level 5. HP: 37/37 MP: 5/5
  1806 | D:3      | Found Anno's Magic Scroll Emporium.
  1814 | D:3      | Bought a scroll of teleportation for 39 gold pieces
  2063 | D:3      | Noticed Ijyb
  2076 | D:3      | Killed Ijyb
  2153 | D:3      | Found a runed translucent door.
  2154 | D:3      | Noticed Cris's ghost (weakling DsCj)
  2457 | D:4      | Found Senolauw's Antique Armour Shoppe.
  2645 | D:4      | Found a staircase to the Ecumenical Temple.
  2692 | Temple   | Entered the Ecumenical Temple
  2702 | Temple   | Became a worshipper of the Wu Jian Council
  2818 | D:4      | Found a burning altar of Makhleb.
  2818 | D:4      | Noticed a blizzard demon
  3064 | D:4      | Found a white marble altar of Elyvilon.
  3226 | D:5      | Entered Level 5 of the Dungeon
  3336 | D:5      | HP: 2/55 [sleepcap (4)]
  3339 | D:5      | Reached XP level 6. HP: 3/43 MP: 6/6
  3617 | D:5      | Reached skill level 5 in Shapeshifting
  3684 | D:5      | Noticed an ice beast
  3906 | D:6      | Noticed Menkaure
  3934 | D:6      | Noticed a water moccasin
  3945 | D:6      | Noticed a black bear
  3952 | D:6      | Killed a black bear
  3953 | D:6      | Reached skill level 6 in Shapeshifting
  4056 | D:6      | Reached XP level 7. HP: 48/48 MP: 7/7
  4210 | D:7      | Identified the +4 spear "Dydwes" {drain, rF+ rC- Stlth+}
  4227 | D:7      | Reached skill level 7 in Shapeshifting
  4262 | D:7      | Noticed Maggie
  4298 | D:7      | Reached * piety under Wu Jian
  4299 | D:7      | Reached skill level 8 in Shapeshifting
  4409 | D:7      | Reached skill level 9 in Shapeshifting
  4409 | D:7      | Reached XP level 8. HP: 54/54 MP: 8/8
  4476 | D:7      | Found a shadowy altar of Dithmenos.
  4476 | D:7      | Found a hazy altar of Hepliaklqana.
  4479 | D:7      | Noticed a shadow
  4565 | D:7      | Reached skill level 10 in Shapeshifting
  4733 | D:7      | Noticed Jeremiah
  5008 | D:8      | Found a sand-covered staircase.
  5156 | Ossuary  | Entered an ossuary
  5245 | Ossuary  | Reached ** piety under Wu Jian
  5620 | D:8      | Noticed Erica
  5796 | D:6      | Killed Menkaure
  5797 | D:6      | Reached skill level 5 in Fighting
  5797 | D:6      | Reached XP level 9. HP: 34/68 MP: 9/9
  6169 | D:6      | Found a broken altar of Ashenzari.
  6540 | D:7      | Killed Maggie
  6541 | D:7      | Reached skill level 11 in Shapeshifting
  6781 | D:8      | Killed Erica
  6782 | D:8      | Reached skill level 13 in Shapeshifting
  6874 | D:8      | Noticed an orange demon
  6928 | D:8      | Found a snail-covered altar of Cheibriados.
  6928 | D:8      | Found a sacrificial altar of Ru.
  7202 | D:8      | Reached *** piety under Wu Jian
  7291 | D:8      | Noticed Amaemon
  7666 | D:9      | Reached XP level 10. HP: 55/74 MP: 10/10
  7674 | D:9      | Reached skill level 14 in Shapeshifting
  7942 | D:9      | Noticed a kobold demonologist
  7952 | D:9      | Killed a kobold demonologist
  8548 | D:10     | Entered Level 10 of the Dungeon
  8709 | D:10     | Reached skill level 15 in Shapeshifting
  8845 | D:10     | Paralysed by a hornet for 3 turns
  8857 | D:10     | HP: 5/111 [hornet (2)]
  8998 | D:10     | Found a basalt altar of Yredelemnul.
  9310 | D:11     | Noticed a manticore
  9316 | D:11     | Killed a manticore
  9348 | D:11     | Noticed a brown ugly thing
  9469 | D:11     | Reached skill level 16 in Shapeshifting
  9561 | D:11     | Noticed a deep elf pyromancer
  9581 | D:11     | Found a staircase to the Lair.
  9590 | D:11     | Noticed a gargoyle
 10045 | D:11     | Reached **** piety under Wu Jian
 10590 | D:11     | Killed a deep elf pyromancer
 10644 | D:11     | Reached skill level 17 in Shapeshifting
 10699 | D:11     | Reached XP level 11. HP: 71/80 MP: 11/11
 10787 | D:11     | Found a staircase to the Orcish Mines.
 11025 | D:11     | Noticed Nergalle
 11083 | D:12     | Noticed a two-headed ogre
 11083 | D:12     | Noticed an ogre mage
 11117 | D:12     | Noticed a two-headed ogre
 11120 | D:13     | Noticed a manticore
 11131 | D:13     | Killed a manticore
 11277 | D:13     | Noticed a catoblepas
 11301 | D:13     | Killed a catoblepas
 11302 | D:13     | Reached skill level 18 in Shapeshifting
 11451 | D:13     | Noticed a boulder beetle
 11460 | D:13     | Noticed a deep elf pyromancer
 11486 | D:13     | Noticed a brown ugly thing
 11488 | D:12     | Noticed a manticore
 11488 | D:12     | Noticed a two-headed ogre
 11491 | D:12     | Noticed Psyche
 11502 | D:12     | Found a portal to a secret trove of treasure.
 11518 | D:12     | Noticed Azrael
 11532 | D:12     | Noticed a purple ugly thing
 11533 | D:12     | HP: 5/120 [burnt (5)]
 11533 | D:12     | Slain by Azrael

Illustrated notes

Levels and vault maps discovered:
D:1:      lemuel_arrival_funnel, layout_loops_ring,
          dreamdust_ecumenical_altar_sealed_demon
D:2:      minmay_chambers_of_twos, layout_loops_ring, serial_glass,
          glass_columns_b, glass_columns_a, minmay_pentomino_o4, uniq_robin,
          uniq_terence, uniq_crazy_yiuf_cottage
D:3:      layout_loops_ring, serial_shops, shop, ebering_ghost_inner_flame,
          eino_tiny_chamber, uniq_ijyb
D:4:      layout_loops_ring, mainiacjoe_overflow_24_doors,
          makhleb_altar_promises_db, minmay_temple_entry_butterflies,
          serial_shops, shop
D:5:      layout_basic, nicolae_titane
D:6:      layout_basic, mainiacjoe_overflow_surrounded_room,
          corexii_corridor_pit, uniq_menkaure
D:7:      layout_gridville, riverfiend_overflow_shadow_ancestor, uniq_jeremiah,
          uniq_maggie
D:8:      layout_layer_cave, mainiacjoe_overflow_divided_tiny,
          nicolae_ossuary_entry_plus, uniq_amaemon, uniq_erica
D:9:      nicolae_cairo_tiling_large_dashed, layout_loops_ring,
          dreamdust_princess_corridor
D:10:     layout_loops_ring, general_overflow_altar, minmay_misc_feat_encased
D:11:     layout_stronghold, erik_lair_island, erik_orc_1, uniq_josephine,
          uniq_nergalle
D:12:     slaughterhouse, layout_rooms, serial_shops,
          nicolae_shop_back_alley_shop, kennysheep_mini,
          nicolae_trove_entry_crossroad, kennysheep_kite_vault, uniq_azrael,
          uniq_psyche
D:13:     layout_small_grid, elyvilon_altar_5
Temple:   nicolae_temple_great_sept

Skill      XL: |  1  2  3  4  5  6  7  8  9 10 11 |
---------------+----------------------------------+-----
Unarmed Combat | 4 5 6 7 |  7.3
Shapeshifting  | 6 9 10 13 17 18 | 18.2
Fighting       | 5 |  5.4
Dodging        | |  2.6
Evocations     | |  0.2

Action                     |  1- 3 |  4- 6 |  7- 9 | 10-12 || total
---------------------------+-------+-------+-------+-------++-------
  Melee: Unarmed           |   111 |   141 |   370 |   295 ||   917
         Punch             |     2 |     3 |    10 |     1 ||    16
Ability: Lunge             |       |     2 |    20 |    13 ||    35
         Whirlwind         |       |       |    33 |    28 ||    61
         Wall Jump         |       |       |     1 |     1 ||     2
  Evoke: Wand              |       |     5 |    14 |     6 ||    25
    Use: Potion            |       |     1 |       |     3 ||     4
         Scroll            |       |     1 |     6 |    10 ||    17
   Stab: Sleeping          |     1 |     2 |     5 |       ||     8
 Armour: Animal skin       |    54 |    62 |    45 |       ||   161
         Skin              |       |     6 |       |    73 ||    79
         Steam dragon scal |       |       |   200 |   196 ||   396
  Dodge: Dodged            |    67 |    69 |   186 |   141 ||   463
   Form: Death             |       |       |     1 |       ||     1
         Flux              |       |       |     1 |       ||     1

Table legend: (Time is in decaauts)
 A = Elapsed time spent in this place.
 B = Non-inter-level travel time spent in this place.
 C = Inter-level travel time spent in this place.
 D = Time resting spent in this place.
 E = Time spent auto-exploring this place.
 F = Levels seen in this place.
 G = Mean time per level.
                   A        B        C        D        E       F      G
               +--------+--------+--------+--------+--------+-----+--------+
         Total |  11451 |  10786 |    665 |   2002 |   6445 |  15 |  763.4 |
       Dungeon |  10997 |  10338 |    659 |   1989 |   6198 |  13 |  845.9 |
        Temple |     20 |     14 |      6 |      0 |      0 |   1 |   20.0 |
       Ossuary |    432 |    432 |      0 |     12 |    247 |   1 |  432.0 |
               +--------+--------+--------+--------+--------+-----+--------+

Top non-repeatable levels by time:
    D:11: 1456 daAuts
     D:7: 1362 daAuts
     D:6: 1136 daAuts
     D:9: 1060 daAuts
     D:2: 1024 daAuts
    D:10: 1019 daAuts
     D:8: 821 daAuts
     D:3: 771 daAuts
     D:4: 744 daAuts
     D:1: 643 daAuts
     D:5: 463 daAuts
 Ossuary: 432 daAuts
    D:13: 366 daAuts
    D:12: 128 daAuts
  Temple: 20 daAuts
